 Dungeon Crawl Stone Soup version 0.25-a0-1126-g5fd7b56c60 (webtiles) character file.

Game seed: 10835371136134566510, levelgen mode: deterministic

213 Gynju the Chiller (level 5, 0/35 HPs)
             Began as a Merfolk Ice Elementalist on May 19, 2020.
             Was an Initiate of Vehumet.
             Succumbed to a kobold's poison
             ... on level 3 of the Dungeon.
             The game lasted 00:05:34 (3295 turns).

Gynju the Chiller (Merfolk Ice Elementalist)        Turns: 3295, Time: 00:05:35

Health: 0/35       AC:  4    Str:  9    XL:     5   Next: 90%
Magic:  11/11      EV: 13    Int: 15    God:    Vehumet [......]
Gold:   147        SH:  0    Dex: 14    Spells: 8/12 levels left

rFire    . . .     SeeInvis .   n - +0 halberd
rCold    . . .     Gourm    .   (shield currently unavailable)
rNeg     . . .     Faith    .   a - +0 robe
rPois    .         Spirit   .   (no helmet)
rElec    .         Reflect  .   (no cloak)
rCorr    .         Harm     .   r - +0 pair of gloves
MR       .....                  w - +0 pair of boots
Stlth    ++........             (no amulet)
HPRegen  0.11/turn              (no ring)
MPRegen  0.12/turn              (no ring)

@: lethally poisoned (0 -> -4)
A: change form in water, swift swim, stealthy swim
a: Renounce Religion


You were on level 3 of the Dungeon.
You worshipped Vehumet.
Vehumet was noncommittal.
You were not hungry.

You visited 2 branches of the dungeon, and saw 5 of its levels.

You collected 147 gold pieces.

Inventory:

Hand Weapons
 j - a +2 dagger of venom
 n - a +0 halberd (weapon)
Missiles
 o - a throwing net (quivered)
 u - 35 stones
Armour
 a - a +0 robe (worn)
 r - a +0 pair of gloves (worn)
 w - a +0 pair of boots (worn)
Scrolls
 b - a scroll of fog {unknown}
 e - a scroll of blinking {unknown}
 f - 4 scrolls of identify {unknown}
 g - 2 scrolls of remove curse {unknown}
 l - a scroll of magic mapping {unknown}
 q - 2 scrolls of noise {unknown}
 t - 2 scrolls of enchant armour {unknown}
Potions
 h - a potion of might {unknown}
 i - a potion of resistance {unknown}
 k - a potion of flight {unknown}
 m - a potion of berserk rage {unknown}
 p - a potion of magic {unknown}
 s - 2 potions of curing {unknown}
 v - a potion of lignification {unknown}
Comestibles
 c - 6 rations
 d - 4 chunks of flesh


   Skills:
 - Level 2.6 Dodging
 - Level 2.1 Stealth
 + Level 4.1 Spellcasting
 + Level 6.2 Ice Magic


You had 8 spell levels left.
You knew the following spells:

 Your Spells              Type           Power        Failure   Level  Hunger
a - Freeze                Ice            ###.         1%          1    None
b - Frozen Ramparts       Ice            ###...       4%          3    ###....

Your spell library contained the following spells:

 Spells                   Type           Power        Failure   Level  Hunger
 Ozocubu's Armour         Chrm/Ice       ##......     16%         3    ###....
 Hailstorm                Conj/Ice       ##......     45%         4    ####...
 Summon Ice Beast         Ice/Summ       ##......     45%         4    ####...


Dungeon Overview and Level Annotations

Branches:
Dungeon (4/15)             Temple (1/1) D:4

Altars:
Ashenzari
Cheibriados
Dithmenos
Fedhas
Gozag
Hepliaklqana
Makhleb
Okawaru
Qazlal
Ru
Trog
Uskayaw
Vehumet
Wu Jian
Xom
The Shining One


Message History

You feel sick.
* * * LOW HITPOINT WARNING * * *
You feel sick.
* * * LOW HITPOINT WARNING * * *
You feel sick.
* * * LOW HITPOINT WARNING * * *
You feel sick.
* * * LOW HITPOINT WARNING * * *
You feel sick.
* * * LOW HITPOINT WARNING * * *
You feel sick.
* * * LOW HITPOINT WARNING * * *
You feel sick.
* * * LOW HITPOINT WARNING * * *
You feel sick.
* * * LOW HITPOINT WARNING * * *
You feel sick.
* * * LOW HITPOINT WARNING * * *
You feel sick.
You die...

#+# #########.##
#..........#
#..........######
#.....@..>......+
######.....#######
#.....Y###.# #......#
#.#
#.....g#################
#......K.g...........(..
#......###K†...........(
#......# #÷.............
#......###..............


You could see an ice beast and a hobgoblin.

Vanquished Creatures
  A worker ant (D:1)
  4 adders
  6 gnolls
  An ooze (D:1)
  A worm (D:2)
  3 dart slugs
  3 leopard geckos
  An orc (D:4)
  2 ball pythons (D:1)
  4 giant cockroaches
  7 goblins
  14 hobgoblins
  A quokka (D:3)
  6 bats
  6 frilled lizards
  9 kobolds
  13 rats
82 creatures vanquished.

Notes
Turn   | Place    | Note
-------+----------+-------------------------------------------
     0 | D:1      | Gynju the Merfolk Ice Elementalist began the quest for the
                  | Orb.
     0 | D:1      | Reached XP level 1. HP: 13/13 MP: 3/3
   134 | D:1      | Reached XP level 2. HP: 9/19 MP: 0/5
   652 | D:1      | Reached XP level 3. HP: 22/24 MP: 3/6
   713 | D:1      | Reached skill level 5 in Ice Magic
  1365 | D:1      | Learned a level 3 spell: Frozen Ramparts
  1500 | D:2      | Reached XP level 4. HP: 29/30 MP: 3/8
  1865 | D:1      | Reached XP level 5. HP: 13/35 MP: 7/10
  2384 | D:2      | Found a burning altar of Makhleb.
  2384 | D:2      | Found a shimmering altar of Xom.
  2431 | D:2      | Found an iron altar of Okawaru.
  2440 | D:2      | Reached skill level 6 in Ice Magic
  2771 | D:3      | You fall into a shaft and drop 1 floor!
  2792 | D:4      | Found a staircase to the Ecumenical Temple.
  2799 | Temple   | Entered the Ecumenical Temple
  2908 | Temple   | Became a worshipper of Vehumet
  3259 | D:3      | Noticed an ice beast
  3293 | D:3      | HP: 1/35 [poisoned by a kobold]
  3295 | D:3      | Succumbed to a kobold's poison

Illustrated notes

Levels and vault maps discovered:
D:1:      matt_arrival_spirals, layout_basic, minmay_misc_feat_pillars,
          minmay_pentomino_t4
D:2:      layout_rooms, gammafunk_temple_overflow_elements,
          okawaru_altar_gauntlet_db, first_ration
D:3:      layout_basic, ebering_ghost_disaster_area, minivault_4
D:4:      layout_basic, minmay_temple_entry_arrows
Temple:   dshaligram_water_room_temple

Skill      XL: |  1  2  3  4  5 |
---------------+----------------+-----
Ice Magic      | 5 6 |  6.2
Spellcasting   | 3 4 |  4.1
Dodging        | |  2.6
Stealth        | |  2.1

Action                   |  1- 3 |  4- 6 || total
-------------------------+-------+-------++-------
Melee: Unarmed           |     8 |       ||     8
       Short sword       |    20 |       ||    20
       Dagger            |    13 |       ||    13
       Halberd           |       |    51 ||    51
 Cast: Freeze            |    42 |    45 ||    87
       Frozen Ramparts   |       |     2 ||     2
 Stab: Sleeping          |     2 |     7 ||     9
       Distracted        |     1 |       ||     1
  Eat: Chunk             |     2 |     6 ||     8
Armor: Robe              |    11 |    17 ||    28
Dodge: Dodged            |    32 |    62 ||    94

Table legend:
 A = Non-vault XP
 B = Vault XP
 C = Vault XP percentage of total XP
 D = Non-vault monster count
 E = Vault monster count
 F = Vault count percentage of total count
                 A         B        C        D         E       F
            +---------+---------+-------+---------+---------+-------
      Total |     266 |      39 |  12.8 |      74 |       8 |   9.8
            +---------+---------+-------+---------+---------+-------
        D:1 |     112 |       2 |   1.8 |      37 |       2 |   5.1
        D:2 |     108 |      37 |  25.5 |      26 |       6 |  18.8
        D:3 |      16 |       0 |   0.0 |       8 |       0 |   0.0
        D:4 |      30 |       0 |   0.0 |       3 |       0 |   0.0
            +---------+---------+-------+---------+---------+-------
